 Dungeon Crawl Stone Soup version 0.31-a0-986-g5e6e4ef867 (webtiles) character file.

Game seed: 6062486022166621664

515 timneilson the Ruffian (level 7, -2/46 HPs)
             Began as an Octopode Shapeshifter on Nov 16, 2023.
             Slain by Pikel
             ... wielding a +2 whip of electrocution
              (19 damage)
             ... on level 3 of the Dungeon.
             The game lasted 00:06:49 (2878 turns).

timneilson the Ruffian (Octopode Shapeshifter)      Turns: 2878, Time: 00:06:51

Health: -2/46      AC:  1    Str: 15    XL:     7   Next: 20%
Magic:  7/7        EV: 19    Int: 12    God:
Gold:   171        SH:  0    Dex: 12    Spells: 6/6 levels left

rFire   . .          .
                       - Unarmed
rCold   . . .        (no shield)
rNeg    . . .        (helmet currently unavailable)
rPois   .            (no amulet)
rElec   .            e - +5 ring of evasion
rCorr   .            (no ring)
SInv    .            (no ring)
Will    .....        (no ring)
Stlth   +++          (no ring)
HPRegen 0.27/turn    (no ring)
MPRegen 0.10/turn    (no ring)
                     (no ring)

%: no passive effects
@: beast-form, studying Unarmed Combat
A: beast (slay +2), almost no armour, amphibious, 8 rings, camouflage 1,
gelatinous body 1, (nimble swimmer 1), tentacles
a: Begin Untransformation


You were on level 3 of the Dungeon.
You were a hulking beast.
You visited 1 branch of the dungeon, and saw 4 of its levels.
You also visited: Sewer.

You collected 171 gold pieces.

Inventory:

Jewellery
 e - a +5 ring of evasion (left tentacle)
Talismans
 b - a beast talisman
 c - a flux talisman
Wands
 j - a wand of mindburst (8)
Scrolls
 h - 2 scrolls of identify
 i - a scroll of immolation
Potions
 a - a potion of lignification
 d - 2 potions of cancellation
 g - a potion of curing
 m - a potion of invisibility
 o - 2 potions of mutation


   Skills:
 * Level 3.3 Fighting
 * Level 4.0 Dodging
 + Level 3.3 Stealth
 * Level 4.6 Unarmed Combat
 + Level 0.8 Evocations
 * Level 4.2 Shapeshifting


You had 6 spell levels left.
You didn't know any spells.
Your spell library was empty.

Dungeon Overview and Level Annotations

Branches:
Dungeon (4/15)              Sewer (visited)
 Temple: D:4-7

Altars:
Nemelex Xobeh
Ru
Xom

Annotations:
D:3 Pikel


Innate Abilities, Weirdness & Mutations

You are a hulking beast.
Your limbs bulge with bestial killing power. (Slay +2)
You cannot wear most types of armour.
You are amphibious.
You can wear up to eight rings at the same time.
Your skin changes colour to match your surroundings (Stealth+).
Your rubbery body absorbs attacks. (AC +1, EV +1)
((You are camouflaged when in or above water. (Stealth+)))
You have tentacles for arms and can constrict up to eight enemies at once.


Message History

Pikel is wielding a +2 whip of electrocution.
The lemure shouts!
There is an open door here.
The lemure shouts!
There is a stone staircase leading up here.
You climb upwards.
There is a stone staircase leading down here.
There is a stone staircase leading down here.
You climb downwards.
Level annotation: Pikel
There is a stone staircase leading up here.
An orc comes into view. It is wielding a +0 dagger.
The orc shouts!
An adder comes into view.
A ball python comes into view.
A lemure comes into view.
The lemure shouts!
Pikel hits you with a +2 whip of electrocution!
You climb upwards.
There is a stone staircase leading down here.
You closely miss Pikel. Your grab misses Pikel. Your squeeze misses Pikel.
Pikel hits you with a +2 whip of electrocution!
You closely miss Pikel. You grab Pikel. You constrict Pikel.
Pikel closely misses you.
You tentacle-slap Pikel but do no damage.
Pikel is lightly wounded.
You constrict Pikel, but do no damage. Pikel completely misses you.
You tentacle-slap Pikel but do no damage.
You constrict Pikel. Pikel misses you.
You barely miss Pikel.
Pikel is lightly wounded.
You constrict Pikel, but do no damage.
Pikel hits you with a +2 whip of electrocution.
You tentacle-slap Pikel but do no damage.
You squeeze Pikel, but do no damage.
Pikel is lightly wounded.
You constrict Pikel.
Pikel hits you with a +2 whip of electrocution!
You are electrocuted!!
You die...
Pikel says, "Another soul for the market."

.##.............######.##########
........#.####.#.....#...........
#######.#.####.#.....#.##.#######
#..............#..........# #
#.#....................#### #
#.#.###..............#.# #####
.....##.#......###.....# #....
.8#8....##..(...K#.##########.###
.#=#..#.##......h..# ##...#.#..
.8#8..#.##.......### ##..#.....#
......#.###....### ##.##.#.#.#.
(.....<#.......# ##.##.8.###.8
#.###.#.###.#### ##.####.#.#.#.
..# #.#.# #.# #..#.#.###.###
#.###.#.# #.#### #.#(⌠.###.8.##
#^....#.###....#####..#.###.#.#.#
###.#.#.##..##....###.####.#)###.


You could see Pikel.

Vanquished Creatures
  Sigmund (D:3)
  Pargi (Sewer)
  A scorpion (D:4)
  Jessica (D:2)
  Natasha (thrice) (D:3)
  3 adders
  A river rat (D:3)
  2 worms
  5 orcs (D:2)
  6 ball pythons
  A giant cockroach (D:2)
  7 hobgoblins
  2 jackals (D:2)
  7 quokkas
  5 bats
  7 frilled lizards
  2 goblins
  9 kobolds
  7 rats
71 creatures vanquished.

Notes
Turn   | Place    | Note
-------+----------+-------------------------------------------
     0 | D:1      | timneilson the Octopode Shapeshifter began the quest for
                  | the Orb.
     0 | D:1      | Reached XP level 1. HP: 13/13 MP: 1/1
   225 | D:1      | Reached XP level 2. HP: 18/18 MP: 2/2
   571 | D:1      | Reached skill level 1 in Stealth
   848 | D:2      | Reached XP level 3. HP: 23/23 MP: 3/3
  1065 | D:2      | Noticed Jessica
  1069 | D:2      | Killed Jessica
  1070 | D:2      | Reached XP level 4. HP: 23/29 MP: 4/4
  1650 | D:3      | Noticed Natasha
  1654 | D:3      | Killed Natasha
  1655 | D:3      | Reached XP level 5. HP: 26/34 MP: 5/5
  1715 | D:3      | Noticed Natasha
  1722 | D:3      | Killed Natasha
  1743 | D:3      | Noticed Sigmund
  1751 | D:3      | Killed Sigmund
  1752 | D:3      | Reached XP level 6. HP: 35/41 MP: 6/6
  1752 | D:3      | Noticed Natasha
  1759 | D:3      | Killed Natasha
  1863 | D:3      | Found a sacrificial altar of Ru.
  1885 | D:3      | Found a shimmering altar of Xom.
  2134 | D:3      | Found a glowing drain.
  2138 | Sewer    | Entered a sewer
  2161 | Sewer    | Noticed Pargi
  2176 | Sewer    | Killed Pargi
  2177 | Sewer    | Reached XP level 7. HP: 46/46 MP: 7/7
  2336 | Sewer    | Identified a scroll of acquirement
  2336 | Sewer    | Acquired a manual of Unarmed Combat
  2520 | D:3      | Found a sparkling altar of Nemelex Xobeh.
  2820 | D:4      | Noticed Pikel
  2878 | D:3      | Slain by Pikel

Illustrated notes

Levels and vault maps discovered:
D:1:      psy_arrival_spokes, layout_basic
D:2:      layout_basic, uniq_jessica
D:3:      layout_loops_ring, overflow_temple_1_default,
          lemuel_coloured_pillars_altar, general_overflow_altar,
          gup_sewer_entry_bowl, grunt_decor_mini_mirrors, minmay_statues_item,
          chequers_arboretum, minivault_26, kennysheep_generic_room_10,
          uniq_natasha, uniq_sigmund
D:4:      layout_layer_cave, grunt_ministairs_6, minmay_misc_feat_rugged,
          uniq_blork_the_orc, uniq_ijyb, uniq_pikel, uniq_edmund

Skill      XL: |  1  2  3  4  5  6  7 |
---------------+----------------------+-----
Stealth        | 1 2 3 |  3.3
Fighting       | 2 3 |  3.3
Dodging        | 3 4 |  4.0
Unarmed Combat | 4 |  4.6
Shapeshifting  | 4 |  4.2
Evocations     | |  0.8

Action                     |  1- 3 |  4- 6 |  7- 9 || total
---------------------------+-------+-------+-------++-------
  Melee: Unarmed           |    54 |    76 |    21 ||   151
         Constrict         |    13 |    16 |     4 ||    33
         Tentacles         |    10 |    12 |     4 ||    26
         Punch             |       |     1 |     2 ||     3
    Use: Scroll            |     4 |     4 |     6 ||    14
         Potion            |       |     3 |       ||     3
   Stab: Sleeping          |     9 |     6 |     4 ||    19
 Armour: Skin              |    15 |    65 |     7 ||    87
  Dodge: Dodged            |    26 |    35 |    11 ||    72

Table legend: (Time is in decaauts)
 A = Elapsed time spent in this place.
 B = Non-inter-level travel time spent in this place.
 C = Inter-level travel time spent in this place.
 D = Time resting spent in this place.
 E = Time spent auto-exploring this place.
 F = Levels seen in this place.
 G = Mean time per level.
                   A        B        C        D        E       F      G
               +--------+--------+--------+--------+--------+-----+--------+
         Total |   2867 |   2713 |    154 |    100 |   1805 |   5 |  573.4 |
       Dungeon |   2667 |   2513 |    154 |     55 |   1711 |   4 |  666.8 |
         Sewer |    199 |    199 |      0 |     45 |     94 |   1 |  199.0 |
               +--------+--------+--------+--------+--------+-----+--------+

Top non-repeatable levels by time:
     D:3: 953 daAuts
     D:1: 835 daAuts
     D:2: 806 daAuts
   Sewer: 199 daAuts
     D:4: 72 daAuts
